 Dungeon Crawl Stone Soup version 0.31.0-9-g3a7656b989 (webtiles) character file.

Game seed: 484502184318585840

18 qw the Shooter (level 2, -1/16 HPs)
             Began as a Deep Elf Hunter on Feb 2, 2024.
             Slain by a gnoll
             ... wielding a +0 whip
              (2 damage)
             ... on level 1 of the Dungeon.
             The game lasted 00:00:01 (131 turns).

qw the Shooter (Deep Elf Hunter)                     Turns: 131, Time: 00:00:01

Health: -1/16      AC:  3    Str:  8    XL:     2   Next: 48%
Magic:  4/4        EV: 12    Int: 13    God:
Gold:   6          SH:  0    Dex: 18    Spells: 1/1 levels left

rFire   . . .        a - +0 shortbow
rCold   . . .        (shield currently unavailable)
rNeg    . . .        c - +0 leather armour
rPois   .            (no helmet)
rElec   .            (no cloak)
rCorr   .            (no gloves)
SInv    .            (no boots)
Will    .....        (no amulet)
Stlth   ++           (no ring)
HPRegen 0.22/turn    (no ring)
MPRegen 0.09/turn

%: no passive effects
@: no status effects
A: no striking features
a: no special abilities


You were on level 1 of the Dungeon.
You visited 1 branch of the dungeon, and saw 1 of its levels.

You collected 6 gold pieces.


   Skills:
 - Level 1.5 Fighting
 + Level 6.3 Ranged Weapons
 - Level 2.4 Dodging
 - Level 1.2 Stealth


You had one spell level left.
You didn't know any spells.
Your spell library was empty.

Inventory:

Hand Weapons
 a - a +0 shortbow (weapon)
Armour
 c - a +0 leather armour (worn)
Scrolls
 b - a scroll of butterflies
 d - a scroll of identify {unknown}
 e - a scroll of teleportation {unknown}
 f - a scroll of torment {unknown}

Dungeon Overview and Level Annotations

Branches:
Dungeon (1/15)

Altars:


Message History

The jackal bites you but does no damage.
A gnoll comes into view. It is wielding a +0 whip.
You shoot an arrow. The arrow barely misses the jackal.
The jackal bites you.
A jackal comes into view.
The jackal bites you.
You shoot an arrow. The jackal barks!
The arrow hits the jackal.
The jackal is heavily wounded.
The jackal misses you. The jackal closely misses you.
You shoot an arrow. The arrow hits the jackal!
You kill the jackal!
You shoot an arrow. The arrow hits the jackal.
You kill the jackal!
You shoot an arrow. The arrow hits the gnoll.
The gnoll is heavily wounded.
You shoot an arrow. The arrow hits the gnoll.
The gnoll is severely wounded.
The gnoll hits you with a +0 whip.
You shoot an arrow. The arrow hits the gnoll.
The gnoll is almost dead.
The gnoll hits you with a +0 whip.
You shoot an arrow. The arrow barely misses the gnoll.
You hear a bark!
A jackal comes into view.
The gnoll hits you with a +0 whip.
The jackal barks!
You shoot an arrow. The arrow barely misses the gnoll.
You hear a bark!
A jackal comes into view. x2
The gnoll hits you with a +0 whip.
Enter note:
Enter note:
131 ||| RETREEEEATING.
You shoot an arrow. The jackal barks!
The arrow hits the gnoll but does no damage.
The gnoll is almost dead.
The gnoll hits you with a +0 whip.
You die...

%...............# ##.
#........>...# ..
##..###h..........#
...#....#............#
....)......h.........#
.####.........########
#.........###
#..##..##.g.####
####)..#......@%..#
~~~~~..%%.........#
####~.##........!..#
###
#~.###.........%..#
..+
#~.....%.......##..
###+##~..####...###.#
. ..#.#~~#........# ##
..#.#~~#........#
..#.#~~..########


You could see a gnoll and 2 jackals.

Vanquished Creatures
  2 ball pythons (D:1)
  2 goblins (D:1)
  8 jackals (D:1)
  2 bats (D:1)
  A rat (D:1)
15 creatures vanquished.

Notes
Turn   | Place    | Note
-------+----------+-------------------------------------------
     0 | D:1      | qw the Deep Elf Hunter began the quest for the Orb.
     0 | D:1      | Reached XP level 1. HP: 12/12 MP: 3/3
     0 | D:1      | 0 ||| qw: Version: 0.3-a-155-g5e7d8dd
     0 | D:1      | 0 ||| qw: Game counter: 1571
     0 | D:1      | 0 ||| qw: Melee chars always use a shield: true
     0 | D:1      | 0 ||| qw: God list: Okawaru
     0 | D:1      | 0 ||| qw: Allow faded altars: false
     0 | D:1      | 0 ||| qw: Do Orc after clearing Dungeon:15 true
     0 | D:1      | 0 ||| qw: Do second Lair branch before Depths: true
     0 | D:1      | 0 ||| qw: Lair rune preference: random
     0 | D:1      | 0 ||| qw: Goals: Normal
     0 | D:1      | 0 ||| PLANNING D:1-11
    67 | D:1      | Reached skill level 6 in Ranged Weapons
    67 | D:1      | Reached XP level 2. HP: 11/16 MP: 4/4
    99 | D:1      | Found a faded altar of an unknown god.
   130 | D:1      | HP: 1/16 [gnoll/+0 whip (4)]
   131 | D:1      | 131 ||| RETREEEEATING.
   131 | D:1      | Slain by a gnoll

Levels and vault maps discovered:
D:1:      heliophobic_arrival_glass_houses, layout_rooms,
          nicolae_ecumenical_snake_handling, grunt_decor_fettered

Skill      XL: |  1 |
---------------+----+-----
Ranged Weapons | 6 |  6.3
Fighting       | |  1.5
Dodging        | |  2.4
Stealth        | |  1.2

Action                     || total
---------------------------++-------
   Fire: Shortbow          ||    47
 Armour: Leather armour    ||    22
  Dodge: Dodged            ||    28

Table legend:
 A = Non-vault XP
 B = Vault XP
 C = Vault XP percentage of total XP
 D = Non-vault monster count
 E = Vault monster count
 F = Vault count percentage of total count
                 A         B        C        D         E       F
            +---------+---------+-------+---------+---------+-------
      Total |      22 |       4 |  15.4 |      13 |       2 |  13.3
            +---------+---------+-------+---------+---------+-------
        D:1 |      22 |       4 |  15.4 |      13 |       2 |  13.3
            +---------+---------+-------+---------+---------+-------
